[Event "ICC tourney 1992 (90 10)"]
[Site "Internet Chess Club"]
[Date "2020.09.07"]
[Round "5"]
[White "wildrumpus"]
[Black "Jesserocks135"]
[Result "0-1"]
[ICCResult "White resigns"]
[WhiteElo "1428"]
[BlackElo "1309"]
[Opening "Queen's pawn: stonewall attack"]
[ECO "D00"]
[NIC "QP.08"]
[Time "11:05:01"]
[TimeControl "5400+10"]

1. d4 d5 2. e3 Nf6 3. Bd3 Bg4 4. Ne2 e6 5. f3 Bh5 6. Nf4 Bg6 7. Nxg6 hxg6 8.
Nd2 c5 9. c3 Nc6 10. f4 Be7 11. O-O Qc7 12. Nf3 O-O-O 13. Ne5 Nxe5 14. fxe5
Ne4 15. Rxf7 Rdg8 16. Qg4 Ng5 17. Bxg6 Nxf7 18. Bxf7 Rf8 19. Bxe6+ Kd8 20.
Bxd5 Bh4 21. e4 Bf2+ 22. Kf1 Bxd4+ 23. Ke1 Bxe5 24. Bg5+ Bf6 25. Rd1 Ke8 26.
Qe6+ Be7 27. Qg6+ Kd7 28. Bxb7+ Bd6 29. Qxg7+ Ke8 30. Qxc7 Bxc7 31. h4 Bg3+
32. Ke2 Rf2+ 33. Ke3 Rhf8 34. Rd8+ Kf7 35. Bd5+ Kg6 36. Rd6+ Bxd6 37. a4
Bf4+ 38. Kxf2 Bxg5+ 39. Kg3 Bf4+ 40. Kh3 Kh5 41. g4+ Kg6 42. Kg2 Bc1 43. b3
Bb2 44. c4 Rf4 45. Kg3 Rf1 46. g5 Be5+ 47. Kg2 Rf4 48. Kh3 Kh5 49. Kg2 Kxh4
50. Bg8 Rg4+ 51. Kf3 Rg3+ 52. Ke2 Rxg5 53. Bd5 Rg3 54. Kd2 Rxb3 55. Kc2 Ra3
56. a5 Rxa5 57. Kb3 Kg3 58. Kc2 Kf3 59. Kb3 Ke3 60. Bc6 Kd3 61. Bd5 Ra1 62.
Bc6 a5 63. Bb5 Kxe4 64. Ba4 Kd3 65. Bb5 Rb1+ 66. Ka4 Ra1+ 67. Kb3 a4+ 68.
Bxa4 Rxa4 69. Kxa4 Kxc4 70. Ka3 Kc3 71. Ka2 c4 72. Kb1 Kb3 73. Kc1 c3 74.
Kb1 c2+ {White resigns} 0-1

[Event "ICC tourney 1992 (90 10)"]
[Site "Internet Chess Club"]
[Date "2020.09.07"]
[Round "5"]
[White "ChessEric"]
[Black "haarim"]
[Result "0-1"]
[ICCResult "White resigns"]
[WhiteElo "1213"]
[BlackElo "1312"]
[Opening "French: advance, Paulsen attack"]
[ECO "C02"]
[NIC "FR.03"]
[Time "11:05:03"]
[TimeControl "5400+10"]

1. e4 e6 2. d4 d5 3. e5 c5 4. c3 Nc6 5. Nf3 Qb6 6. Be2 cxd4 7. cxd4 Nge7 8.
O-O Nf5 9. Nc3 Nfxd4 10. Nxd4 Qxd4 11. Qxd4 Nxd4 12. Bd3 a6 13. Be3 Nc6 14.
f4 d4 15. Bd2 dxc3 16. Bxc3 Bb4 17. Bxb4 Nxb4 18. Be4 Nc6 19. Rac1 Bd7 20.
Rfd1 Rc8 21. Rd3 Ke7 22. Rg3 g6 23. Rb3 Na5 24. Rxc8 Rxc8 25. Ra3 Nc4 26.
Rb3 Nd2 27. Re3 Nxe4 28. Rxe4 Rc1+ 29. Kf2 Rc2+ 30. Re2 Rxe2+ 31. Kxe2 Bc6
32. g3 Be4 33. Ke3 Bf5 34. Kd4 Kd7 35. Kc5 Kc7 36. b4 b6+ 37. Kd4 Kc6 38. a4
b5 39. a5 h6 40. h4 h5 {White resigns} 0-1

[Event "ICC tourney 1992 (90 10)"]
[Site "Internet Chess Club"]
[Date "2020.09.07"]
[Round "5"]
[White "avaxu"]
[Black "GlibNest"]
[Result "1-0"]
[ICCResult "Black resigns"]
[WhiteElo "265"]
[BlackElo "1493"]
[Opening "Sicilian: accelerated fianchetto, modern variation"]
[ECO "B34"]
[NIC "SI.33"]
[Time "11:04:53"]
[TimeControl "5400+10"]

1. e4 c5 2. Nf3 Nc6 3. d4 cxd4 4. Nxd4 g6 5. Nc3 Bg7 6. Be3 Nf6 7. f3 O-O 8.
Qd2 d5 9. O-O-O dxe4 10. Nxc6 Qxd2+ 11. Bxd2 bxc6 12. Nxe4 Nxe4 13. fxe4 Be6
14. c4 Bg4 15. Re1 Rfd8 16. Ba5 Rd7 17. Kc2 Rb8 18. b3 g5 19. Bd3 Bd4 20.
Rhf1 Bb6 21. Bxb6 axb6 22. e5 Ra8 23. a4 Rad8 24. Re3 Rd4 25. h3 Be6 26. g4
b5 27. cxb5 Bxb3+ 28. Kxb3 Rxd3+ 29. Rxd3 Rxd3+ 30. Kc4 Rd8 31. bxc6 e6 32.
Kb5 Rd2 33. Rc1 Rb2+ 34. Ka6 Rb4 35. Ka5 Rb8 36. c7 Ra8+ 37. Kb5 Rc8 38. Kb6
{Black resigns}
1-0

[Event "ICC tourney 1992 (90 10)"]
[Site "Internet Chess Club"]
[Date "2020.09.07"]
[Round "5"]
[White "Cougar2020"]
[Black "kkhanna"]
[Result "1/2-1/2"]
[ICCResult "Game drawn by mutual agreement"]
[WhiteElo "1159"]
[BlackElo "1376"]
[Opening "King's Indian: 5.Nf3"]
[ECO "E90"]
[NIC "KI.22"]
[Time "11:04:52"]
[TimeControl "5400+10"]

1. e4 d6 2. d4 g6 3. c4 Bg7 4. Nc3 Nf6 5. Nf3 Nc6 6. Be2 e5 7. dxe5 Nxe5 8.
Nxe5 dxe5 9. Qxd8+ Kxd8 10. O-O Be6 11. f4 exf4 12. Bxf4 c6 13. Bg5 Ke7 14.
e5 Kd7 15. Bxf6 Bxf6 16. exf6 Kc7 17. Rac1 Rhe8 18. Rfd1 Bf5 19. Bd3 Be6 20.
a4 Rad8 21. a5 Bg4 22. Rd2 Re3 23. Nb5+ cxb5 24. cxb5+ Kb8 25. Bf5 Re1+ 26.
Rxe1 Rxd2 27. Re8+ Kc7 28. Rc8+ Kd6 29. Rd8+ Ke5 30. Rxd2 Bxf5 31. Kf2 Kxf6
32. b6 axb6 33. Rd6+ Ke7 34. Rxb6 Be4 35. b4 Kd7 36. b5 Kc7 37. Ke3 Bxg2 38.
Kd4 f5 39. Rf6 Kd7 40. Ke5 Ke7 41. a6 bxa6 42. Rxa6 Bf1 43. Ra7+ Kf8 44. b6
Bg2 45. Rxh7 Be4 46. Kf6 Kg8 47. Kxg6 f4+ 48. Kg5 Kxh7 49. Kxf4 Bb7 50. h4
Kh6 51. Kg4 Bc8+ 52. Kf4 Kh5 53. Kg3 Bb7 54. Kf4 Kxh4 55. Ke5 Bh1
{Game drawn by mutual agreement}
1/2-1/2

[Event "ICC tourney 1992 (90 10)"]
[Site "Internet Chess Club"]
[Date "2020.09.07"]
[Round "5"]
[White "pusheen2019"]
[Black "JonesGill"]
[Result "1/2-1/2"]
[ICCResult "Game drawn by mutual agreement"]
[WhiteElo "1523"]
[BlackElo "1193"]
[Opening "Sicilian: Alapin's variation (2.c3)"]
[ECO "B22"]
[NIC "SI.46"]
[Time "11:04:49"]
[TimeControl "5400+10"]

1. e4 c5 2. c3 d5 3. exd5 Qxd5 4. d4 cxd4 5. cxd4 Nc6 6. Nf3 Bg4 7. Be2 Nf6
8. Nc3 Qd7 9. O-O Bxf3 10. Bxf3 e6 11. Be3 Rd8 12. Bxc6 Qxc6 13. Qb3 Nd5 14.
Nb5 a6 15. Na3 b5 16. Rac1 Qb7 17. Nc4 Be7 18. Ne5 O-O 19. Nc6 Rc8 20. Nxe7+
Qxe7 21. Rc5 Rxc5 22. dxc5 Rc8 23. Rc1 Nxe3 24. Qxe3 h6 25. c6 Qc7 26. Qa3
Qf4 27. Qc3 Rc7 28. Rd1 Qe4 29. Rc1 Qd5 30. Qc2 Qxa2 31. Rd1 g6 32. Qc3 Rc8
33. h3 Qc4 34. Qxc4 bxc4 35. Rd6 a5 36. Kf1 Kf8 37. Ke2 Ke7 38. Rd7+ Ke8 39.
Rd6 a4 40. Kd2 {Game drawn by mutual agreement} 1/2-1/2

[Event "ICC tourney 1992 (90 10)"]
[Site "Internet Chess Club"]
[Date "2020.09.07"]
[Round "5"]
[White "mnm1"]
[Black "Cgchess"]
[Result "1/2-1/2"]
[ICCResult "Game drawn by mutual agreement"]
[WhiteElo "1359"]
[BlackElo "1390"]
[Opening "French: Tarrasch"]
[ECO "C03"]
[NIC "FR.07"]
[Time "11:05:38"]
[TimeControl "5400+10"]

1. e4 e6 2. d4 d5 3. Nd2 dxe4 4. Nxe4 Nc6 5. Nf3 Nf6 6. Bd3 Be7 7. O-O O-O
8. c3 Nxe4 9. Bxe4 Bd7 10. Bf4 h6 11. Re1 Re8 12. Qe2 Bf6 13. Rad1 Kh8 14.
Qc2 Rb8 15. Re2 e5 16. dxe5 Nxe5 17. Nxe5 Bxe5 18. Bxe5 Rxe5 19. Red2 Qh4
20. Bxb7 Qe7 21. Ba6 Re1+ 22. Rxe1 Qxe1+ 23. Bf1 Bf5 24. Re2 Bxc2 25. Rxe1
Rxb2 26. Bc4 Bg6 27. Bb3 {Game drawn by mutual agreement} 1/2-1/2

[Event "ICC tourney 1992 (90 10)"]
[Site "Internet Chess Club"]
[Date "2020.09.07"]
[Round "5"]
[White "DiamondUnicorn"]
[Black "lucachesschess"]
[Result "1-0"]
[ICCResult "Black checkmated"]
[WhiteElo "658"]
[BlackElo "1315"]
[Opening "Owen defense"]
[ECO "B00"]
[NIC "VO.01"]
[Time "11:04:49"]
[TimeControl "5400+10"]

1. e4 b6 2. d4 Bb7 3. Nc3 e6 4. a3 Nf6 5. e5 Ne4 6. Na2 Be7 7. Nf3 c5 8. c3
f5 9. Bd3 d6 10. exd6 Bxd6 11. Bxe4 Bxe4 12. dxc5 Bxc5 13. Qxd8+ Kxd8 14.
Bg5+ Be7 15. Bxe7+ Kxe7 16. Ke2 Nc6 17. Rhg1 Rad8 18. Rad1 Bc2 19. Rxd8 Rxd8
20. Nd2 e5 21. Rc1 Bd3+ 22. Ke1 e4 23. c4 Nd4 24. Nb4 f4 25. Nxd3 exd3 26.
Rc3 Nc2+ 27. Kd1 Kf6 28. Nf3 a5 29. Kd2 a4 30. Rxd3 Rxd3+ 31. Kxd3 Na1 32.
Nd4 Ke5 33. f3 g5 34. Nc6+ Kd6 35. Nb4 Ke5 36. Nd5 Nb3 37. Nxb6 Nc5+ 38. Kc3
h5 39. h3 Ne4+ 40. Kd3 Nc5+ 41. Kc3 Ne4+ 42. Kb4 Kd4 43. Nd5 Kd3 44. h4 g4
45. Nxf4+ Ke3 46. Nxh5 gxf3 47. gxf3 Kxf3 48. Ng7 Kg4 49. h5 Nf6 50. h6 Kg5
51. Kxa4 Kxh6 52. Nf5+ Kg6 53. Nd4 Kf7 54. b4 Nd7 55. c5 Kf6 56. c6 Nb6+ 57.
Kb5 Nc8 58. Ka6 Ke5 59. Kb7 Nd6+ 60. Kc7 Nb5+ 61. Kb6 Nd6 62. Nb5 Nc8+ 63.
Kc7 Ne7 64. Kb7 Ke6 65. c7 Kd7 66. Na7 Nc8 67. Nxc8 Ke8 68. Nd6+ Kd7 69. Nb5
Ke6 70. c8=Q+ Ke5 71. Nc7 Kf4 72. Qf8+ Kg3 73. Ne6 Kg2 74. Qf4 Kh3 75. Ng5+
Kg2 76. Qf3+ Kh2 77. Ne4 Kg1 78. Qf2+ Kh1 79. Ng3# {Black checkmated} 1-0

[Event "ICC tourney 1992 (90 10)"]
[Site "Internet Chess Club"]
[Date "2020.09.07"]
[Round "5"]
[White "FlowingMelody"]
[Black "mutantpenguin"]
[Result "1-0"]
[ICCResult "Black checkmated"]
[WhiteElo "1308"]
[BlackElo "1451"]
[Opening "French: Tarrasch, closed variation"]
[ECO "C05"]
[NIC "FR.17"]
[Time "11:04:49"]
[TimeControl "5400+10"]

1. e4 e6 2. d4 d5 3. Nd2 Nf6 4. e5 Nfd7 5. Bd3 c5 6. c3 Nc6 7. Ngf3 Be7 8.
O-O O-O 9. Qe2 f6 10. exf6 Nxf6 11. Ne5 Nxe5 12. dxe5 Nd7 13. Qh5 h6 14. Nf3
Rxf3 15. gxf3 Nf8 16. Kh1 Bh4 17. Qg4 Kh8 18. Rg1 g5 19. Qh5 Kg7 20. Qxh4
Ng6 21. Qg3 c4 22. Bxg6 Kxg6 23. f4 Bd7 24. fxg5 h5 25. Qf3 Bc6 26. Qf6+
Qxf6 27. gxf6+ Kf7 28. Rg7+ Kf8 29. Bh6 d4+ 30. Kg1 dxc3 31. Rxb7+ Kg8 32.
Rg7+ Kh8 33. bxc3 Bf3 34. Rb1 Rd8 35. h4 Be4 36. Rbb7 Rd1+ 37. Kh2 Rh1+ 38.
Kg3 Bxb7 39. Rxb7 Rg1+ 40. Kf3 Rg8 41. f7 Rd8 42. f8=Q+ Rxf8+ 43. Bxf8 a5
44. Kf4 Kg8 45. Bh6 a4 46. Kg5 a3 47. Kg6 Kh8 48. Rb8# {Black checkmated}
1-0

[Event "ICC tourney 1992 (90 10)"]
[Site "Internet Chess Club"]
[Date "2020.09.07"]
[Round "5"]
[White "ArmenSahakyan"]
[Black "Yamato1945"]
[Result "1-0"]
[ICCResult "Black resigns"]
[WhiteElo "1394"]
[BlackElo "1430"]
[Opening "Caro-Kann: classical, 6.h4"]
[ECO "B18"]
[NIC "CK.11"]
[Time "11:04:53"]
[TimeControl "5400+10"]

1. e4 c6 2. Nc3 d5 3. d4 dxe4 4. Nxe4 Bf5 5. Ng3 Bg6 6. h4 h6 7. Bd3 Qxd4 8.
Nf3 Qd8 9. Bxg6 Qxd1+ 10. Kxd1 fxg6 11. Ne5 Nf6 12. Nxg6 Rg8 13. Re1 Na6 14.
Nf5 Rd8+ 15. Bd2 Rd7 16. c3 Nc5 17. Kc2 Nce4 18. Be3 Rd5 19. Nd4 Kf7 20. Nf4
Rd7 21. Nf3 Ke8 22. Rad1 Rd6 23. Rxd6 exd6 24. Bxa7 Kd7 25. g4 d5 26. Ne5+
Kc7 27. Ne6+ Kd6 28. Nxf8 Rxf8 29. Ng6 Ra8 30. Be3 Rxa2 31. Kb3 Ra8 32. f3
Nc5+ 33. Bxc5+ Kxc5 34. Re7 Ne8 35. Rxb7 Kd6 36. Nf4 Ke5 37. Nd3+ Kf6 38. f4
g5 39. h5 gxf4 40. Rb6 Rc8 41. Nxf4 Kg5 42. Ng6 Nd6 43. Ne7 Rc7 44. Nxc6 Rb7
45. Rxb7 Nxb7 46. Ne5 Nd8 47. c4 d4 48. c5 Kf4 49. Nd3+ Kxg4 50. Kc4 Kxh5
51. Kxd4 Kg4 52. Ke4 h5 53. b4 Kg3 54. b5 h4 55. c6 Ne6 56. b6 h3 57. b7 h2
58. b8=Q+ Kg2 59. Qxh2+ Kxh2 60. Kd5 Nc7+ 61. Kd6 Nb5+ 62. Kd7 Na7 63. c7
Kg3 64. Ne5 Kf4 65. Nc6 {Black resigns} 1-0

[Event "ICC tourney 1992 (90 10)"]
[Site "Internet Chess Club"]
[Date "2020.09.07"]
[Round "5"]
[White "sagsur"]
[Black "ranu540"]
[Result "1-0"]
[ICCResult "Black checkmated"]
[WhiteElo "1301"]
[BlackElo "1325"]
[Opening "Sicilian: Alapin's variation (2.c3)"]
[ECO "B22"]
[NIC "SI.46"]
[Time "11:05:00"]
[TimeControl "5400+10"]

1. e4 c5 2. c3 g6 3. d4 cxd4 4. cxd4 Bg7 5. Nf3 Nc6 6. Nc3 Nf6 7. Be3 d5 8.
e5 Ne4 9. Nxe4 dxe4 10. Ng5 Bf5 11. g4 Bd7 12. Nxe4 O-O 13. Be2 Rc8 14. O-O
Nb4 15. Nc3 Bc6 16. a3 Nd5 17. Nxd5 Qxd5 18. f3 f6 19. b3 fxe5 20. Bc4 Qxc4
21. bxc4 exd4 22. Bg5 d3 23. Rb1 Rfd8 24. Bxe7 Rd7 25. Bb4 Rcd8 26. Qd2 Ba4
27. f4 Bc2 28. Rbe1 Rd4 29. Bc3 Rxc4 30. Bxg7 Kxg7 31. Re7+ Kg8 32. Qe3 d2
33. Qe6+ Kh8 34. Qf6+ Kg8 35. Qg7# {Black checkmated} 1-0

[Event "ICC tourney 1992 (90 10)"]
[Site "Internet Chess Club"]
[Date "2020.09.07"]
[Round "5"]
[White "nschneider"]
[Black "AdityaBang"]
[Result "1-0"]
[ICCResult "Black checkmated"]
[WhiteElo "219"]
[BlackElo "1180"]
[Opening "Ruy Lopez: Steinitz defense deferred (Russian defense)"]
[ECO "C79"]
[NIC "RL.12"]
[Time "11:04:54"]
[TimeControl "5400+10"]

1. e4 e5 2. Nf3 Nc6 3. Bb5 a6 4. Ba4 Nf6 5. O-O d6 6. d3 Be7 7. h3 Bd7 8. c3
d5 9. exd5 Nxd5 10. Bxc6 Bxc6 11. Nxe5 O-O 12. Nxc6 bxc6 13. Nd2 Bd6 14. Nf3
h6 15. Bd2 Rb8 16. Rb1 Qf6 17. Re1 Rfd8 18. Qa4 Nb6 19. Qc2 Nd5 20. Re4 Re8
21. Rbe1 Rxe4 22. dxe4 Nf4 23. e5 Nxh3+ 24. gxh3 Qxf3 25. exd6 Qxh3 26. dxc7
Qg4+ 27. Kf1 Qc4+ 28. Re2 Re8 29. Be3 Rc8 30. b3 Qh4 31. Ke1 Rxc7 32. Bd4
Qd8 33. Bb6 Kf8 34. Bxc7 Qxc7 35. Qh7 f6 36. Qh8+ Kf7 37. Qe8#
{Black checkmated}
1-0

[Event "ICC tourney 1992 (90 10)"]
[Site "Internet Chess Club"]
[Date "2020.09.07"]
[Round "5"]
[White "thihansa"]
[Black "WallyCleaver"]
[Result "1/2-1/2"]
[ICCResult "Game drawn by mutual agreement"]
[WhiteElo "1196"]
[BlackElo "1584"]
[Opening "Alekhine's defense: modern variation, 4...Bg4"]
[ECO "B05"]
[NIC "AL.02"]
[Time "11:04:50"]
[TimeControl "5400+10"]

1. e4 Nf6 2. e5 Nd5 3. d4 d6 4. Nf3 Bg4 5. Be2 e6 6. h3 Bxf3 7. Bxf3 dxe5 8.
dxe5 Nc6 9. c4 Nb6 10. Bxc6+ bxc6 11. b3 Be7 12. Qxd8+ Rxd8 13. Ke2 O-O 14.
Bb2 Rd7 15. Nc3 Rfd8 16. Rad1 f6 17. exf6 Bxf6 18. Rxd7 Rxd7 19. Rd1 Rxd1
20. Kxd1 Nd7 21. Na4 Kf7 22. Kd2 e5 23. Nc3 Ke6 24. Ne4 Be7 25. Ke3 Nf6 26.
Nxf6 gxf6 27. f3 f5 28. Bc3 c5 29. Bb2 h5 30. g4 hxg4 31. hxg4 Bg5+ 32. Ke2
fxg4 33. fxg4 Bf4 34. Kf3 Bg5 35. Ke4 Bf4 36. g5 Bxg5 37. Bxe5 c6 38. Bg3
{Game drawn by mutual agreement}
1/2-1/2

[Event "ICC tourney 1992 (90 10)"]
[Site "Internet Chess Club"]
[Date "2020.09.07"]
[Round "5"]
[White "Jeffchess"]
[Black "kinpin007"]
[Result "1/2-1/2"]
[ICCResult "Game drawn because neither player has mating material"]
[WhiteElo "1374"]
[BlackElo "1510"]
[Opening "Caro-Kann defense"]
[ECO "B10"]
[NIC "CK.01"]
[Time "11:04:52"]
[TimeControl "5400+10"]

1. e4 c6 2. Nf3 d5 3. exd5 cxd5 4. Bb5+ Nc6 5. Ne5 Qc7 6. d4 Nf6 7. Bf4 Qb6
8. Nc3 a6 9. Bxc6+ bxc6 10. b3 Bf5 11. O-O e6 12. Na4 Qb5 13. c4 Qb7 14. Re1
Be7 15. c5 O-O 16. Nb6 Rad8 17. a4 Bg6 18. f3 Nh5 19. Bd2 Nf6 20. b4 Ne8 21.
b5 axb5 22. axb5 cxb5 23. Qb3 Nc7 24. Ra5 Na8 25. Rxb5 Nxb6 26. Rxb6 Qa8 27.
Rc1 Rb8 28. Nc6 Rbe8 29. Nxe7+ Rxe7 30. c6 Rc8 31. c7 Ree8 32. Qb5 Qa7 33.
Bb4 f6 34. Bd6 h6 35. Qa6 Qxa6 36. Rxa6 Bd3 37. Rb6 Kf7 38. f4 g5 39. fxg5
hxg5 40. Ra1 e5 41. Rb8 Ke6 42. dxe5 fxe5 43. Raa8 Kd7 44. Rxc8 Rxc8 45.
Rxc8 Kxc8 46. Bxe5 Bf5 47. Kf2 d4 48. Bxd4 Kxc7 49. Be5+ Kd7 50. h3 Ke6 51.
Bh2 Kf6 52. g4 Be4 53. Kg3 Kg6 54. Bg1 Bd5 55. Bd4 Be4 56. h4 gxh4+ 57. Kxh4
Bf3 58. g5 Be4 59. Bf6 Bf3 60. Kg3 Bc6 61. Kf4 Bb7 62. Ke5 Bc8 63. Kd6 Bg4
64. Ke5 Bh3 65. Be7 Bc8 66. Kd6 Bh3 67. Kc7 Bf5 68. Kd8 Bh3 69. Ke8 Bf5 70.
Kf8 Bh3 71. Kg8 Bf5 72. Bf6 Be6+ 73. Kh8 Bd5 74. Bd8 Bc4 75. Be7 Bd5 76. Bf6
Bc4 77. Bg7 Bd5 78. Bh6 Bc4 79. Bf8 Kxg5
{Game drawn because neither player has mating material}
1/2-1/2

[Event "ICC tourney 1992 (90 10)"]
[Site "Internet Chess Club"]
[Date "2020.09.07"]
[Round "5"]
[White "rcstinson"]
[Black "NJLandshark"]
[Result "1-0"]
[ICCResult "Black resigns"]
[WhiteElo "1471"]
[BlackElo "1230"]
[Opening "Queen's pawn game"]
[ECO "A45"]
[NIC "QP.07"]
[Time "11:04:51"]
[TimeControl "5400+10"]

1. d4 Nf6 2. e3 g6 3. Bd3 Bg7 4. f4 d6 5. Nf3 O-O 6. O-O Nc6 7. e4 e6 8. Be3
Ng4 9. Qe2 Nb4 10. c3 Nxe3 11. Qxe3 Nxd3 12. Qxd3 Re8 13. e5 d5 14. Nbd2 f5
15. b4 h6 16. Nb3 b6 17. b5 a6 18. a4 a5 19. Rfc1 g5 20. g3 Bd7 21. c4 c6
22. c5 cxb5 23. c6 Bc8 24. axb5 Ra7 25. Qd2 g4 26. Ne1 h5 27. Nd3 Ree7 28.
Ra2 Rec7 29. Nxa5 Bd7 30. Nb7 Rcxb7 31. cxb7 {Black resigns} 1-0

[Event "ICC tourney 1992 (90 10)"]
[Site "Internet Chess Club"]
[Date "2020.09.07"]
[Round "5"]
[White "chess278"]
[Black "adma2028"]
[Result "0-1"]
[ICCResult "White resigns"]
[WhiteElo "1498"]
[BlackElo "1339"]
[Opening "Santasiere's folly"]
[ECO "A06"]
[NIC "QP.09"]
[Time "11:04:53"]
[TimeControl "5400+10"]

1. Nf3 d5 2. b4 Bf5 3. Bb2 e6 4. e3 Nf6 5. b5 Nbd7 6. Be2 Nb6 7. a4 h6 8.
O-O Bd6 9. d3 O-O 10. Nbd2 Nbd7 11. c4 c6 12. Nd4 Bg6 13. Qc2 Qc7 14. h3 Ne5
15. Rac1 Rfd8 16. cxd5 Nxd5 17. e4 Nb4 18. Qb3 Qb6 19. Nc4 Nxc4 20. Qxc4
cxb5 21. Nxb5 a6 22. Bd4 Qc6 23. Qxc6 Nxc6 24. Nxd6 Nxd4 25. Rfe1 Nxe2+ 26.
Rxe2 Rxd6 27. Rc7 Rxd3 28. Rxb7 Rd4 29. a5 Bxe4 30. Rb6 Bd3 31. Reb2 Bb5 32.
Rc2 Ra4 33. Rc7 Rxa5 34. Rbb7 Be8 35. Re7 Ra1+ 36. Kh2 a5 {White resigns}
0-1

[Event "ICC tourney 1992 (90 10)"]
[Site "Internet Chess Club"]
[Date "2020.09.07"]
[Round "5"]
[White "Abhinac123"]
[Black "kskariah"]
[Result "1-0"]
[ICCResult "Black checkmated"]
[WhiteElo "1465"]
[BlackElo "1335"]
[Opening "QGD semi-Slav: Chigorin defense"]
[ECO "D46"]
[NIC "SL.08"]
[Time "11:04:51"]
[TimeControl "5400+10"]

1. d4 d5 2. c4 e6 3. Nf3 c6 4. e3 Nf6 5. Nc3 Nbd7 6. Bd3 Bd6 7. O-O O-O 8.
Re1 e5 9. cxd5 cxd5 10. e4 dxe4 11. Nxe4 Nxe4 12. Bxe4 Re8 13. Qb3 exd4 14.
Ng5 Ne5 15. Bxh7+ Kf8 16. Rxe5 Qf6 17. Rxe8+ Kxe8 18. Bd2 Kf8 19. Ne4 Bxh2+
20. Kxh2 Qh4+ 21. Kg1 Qxh7 22. Nd6 Be6 23. Qxb7 Rd8 24. Bb4 Kg8 25. Qe4 Qxe4
26. Nxe4 d3 27. Nd2 Rb8 28. Bc3 Rb6 29. a3 Rc6 30. f3 Bf5 31. Re1 Rc8 32.
Kf2 Bg6 33. Kg3 Rc5 34. Re5 Rxe5 35. Bxe5 Kf8 36. Bc3 f6 37. Kf4 Ke7 38. Ke3
Ke6 39. Ne4 Bxe4 40. Kxe4 g6 41. Kxd3 Kd5 42. Bxf6 a6 43. g3 a5 44. f4 a4
45. Be5 Kc5 46. Ke4 Kc4 47. f5 gxf5+ 48. Kxf5 Kb3 49. g4 Ka2 50. g5 Kb3 51.
g6 Ka2 52. g7 Kb1 53. g8=Q Kc2 54. Qg2+ Kb1 55. b3 Kc1 56. Qb2+ Kd1 57. Ke4
axb3 58. Kd3 Ke1 59. Qe2# {Black checkmated} 1-0

[Event "ICC tourney 1992 (90 10)"]
[Site "Internet Chess Club"]
[Date "2020.09.07"]
[Round "5"]
[White "MadiChesskid"]
[Black "mnm2"]
[Result "0-1"]
[ICCResult "White resigns"]
[WhiteElo "1472"]
[BlackElo "1322"]
[Opening "Queen's pawn game, Chigorin variation"]
[ECO "A04"]
[NIC "QP.11"]
[Time "11:05:43"]
[TimeControl "5400+10"]

1. Nf3 Nc6 2. d4 d5 3. c4 e6 4. Nc3 Nf6 5. Bg5 Be7 6. e3 O-O 7. Be2 dxc4 8.
Bxc4 b6 9. O-O Bb7 10. Qc2 Nb4 11. Qe2 Nbd5 12. Rac1 Nxc3 13. Rxc3 Ne4 14.
Bxe7 Nxc3 15. bxc3 Qxe7 16. e4 f5 17. exf5 Kh8 18. fxe6 Bxf3 19. gxf3 Rf6
20. Qe4 Raf8 21. Bd3 Rg6+ 22. Kh1 Qxe6 23. Qb7 Qc6 24. Qxc6 Rxc6 25. c4 Rd6
26. d5 Rxf3 27. Re1 g6 28. Re8+ Kg7 29. Be2 Rf8 30. Re7+ Rf7 31. Re8 Rxf2
32. Kg1 Rf7 33. Ra8 a5 34. c5 bxc5 35. Rxa5 Re7 36. Bc4 Re4 37. Rxc5 Rd7 38.
Bb5 Rde7 39. a4 Re1+ 40. Kf2 Ra1 41. Bc6 Kf6 42. a5 Ke5 43. Bb7 Kd4 44. Rb5
Ra2+ 45. Kg3 Re3+ 46. Kf4 Rea3 47. a6 Rxh2 48. Rb1 Rf2+ 49. Kg4 Rf5 50. Rd1+
Kc5 51. Rc1+ Kd6 52. Rc6+ Kd7 53. Re6 Ra4+ 54. Kg3 Ra3+ 55. Kg4 h5+ 56. Kh4
Ra4+ 57. Kg3 h4+ 58. Kh2 Ra2+ 59. Kh3 c5 60. Bc6+ Kc7 61. Bb7 g5 62. Rc6+
Kd7 63. Bc8+ Ke7 64. Bxf5 Ra3+ 65. Kg4 Rg3+ 66. Kh5 h3 67. d6+ Kf7 68. Bxh3
Rxh3+ 69. Kxg5 Ra3 70. Kf5 c4 71. Rc7+ Ke8 72. a7 Kd8 73. Rd7+ Kxd7
{White resigns}
0-1

[Event "ICC tourney 1992 (90 10)"]
[Site "Internet Chess Club"]
[Date "2020.09.07"]
[Round "5"]
[White "Electryon"]
[Black "irisl"]
[Result "0-1"]
[ICCResult "White checkmated"]
[WhiteElo "1363"]
[BlackElo "1328"]
[Opening "Queen's pawn, Mason variation, Steinitz counter-gambit"]
[ECO "D00"]
[NIC "QP.08"]
[Time "11:05:00"]
[TimeControl "5400+10"]

1. d4 d5 2. Bf4 c5 3. c3 Nc6 4. e3 Qb6 5. Qc1 e6 6. Nf3 Nf6 7. Bd3 c4 8. Bc2
Be7 9. Nbd2 O-O 10. O-O Qd8 11. e4 b5 12. exd5 Nxd5 13. Bg3 a5 14. Be4 Ba6
15. Ne5 Nxe5 16. Bxe5 Rc8 17. Qd1 f6 18. Bg3 f5 19. Bxd5 exd5 20. Be5 b4 21.
Qf3 Rc6 22. Rfe1 Rf7 23. Nf1 Bc8 24. Ne3 Be6 25. Qe2 bxc3 26. bxc3 f4 27.
Nf1 f3 28. Qc2 Bf5 29. Qa4 Rg6 30. Ng3 Bd3 31. Qd1 Qf8 32. a4 h5 33. Kh1
fxg2+ 34. Kg1 Rxf2 35. Qxh5 Rf1+ 36. Nxf1 gxf1=Q# {White checkmated} 0-1

[Event "ICC tourney 1992 (90 10)"]
[Site "Internet Chess Club"]
[Date "2020.09.07"]
[Round "6"]
[White "Jeffchess"]
[Black "joeandjoe28"]
[Result "0-1"]
[ICCResult "White resigns"]
[WhiteElo "1357"]
[BlackElo "1493"]
[Opening "Giuoco Piano: four knights variation"]
[ECO "C47"]
[NIC "KP.06"]
[Time "15:32:56"]
[TimeControl "5400+10"]

1. e4 e5 2. Nf3 Nc6 3. Nc3 Nf6 4. Bc4 Bc5 5. Bxf7+ Kxf7 6. Nxe5+ Nxe5 7. d4
Bd6 8. f4 Neg4 9. e5 Bb4 10. O-O Bxc3 11. bxc3 Re8 12. exf6 Nxf6 13. Qd3 d5
14. Ba3 Bd7 15. h3 a6 16. Qd2 Kg8 17. Rf3 c6 18. Bd6 Bxh3 19. Rxh3 Qxd6 20.
Rf1 Ne4 21. Qd3 Rf8 22. c4 Rae8 23. c5 Qc7 24. g3 Qd7 25. Kg2 Re6 26. Rfh1
h6 27. c4 Rg6 28. a4 Qg4 29. Rf1 Rxf4 30. Rf3 Rxf3 31. Qxf3 Qxf3+ 32. Kxf3
Ng5+ 33. Kg2 Nxh3 34. Kxh3 Kf7 35. cxd5 cxd5 36. Kh4 Re6 37. a5 Re4+ 38. Kh3
Rxd4 39. g4 Rc4 40. g5 hxg5 41. c6 bxc6 42. Kh2 d4 43. Kh3 d3 44. Kg2 d2
{White resigns}
0-1

[Event "ICC tourney 1992 (90 10)"]
[Site "Internet Chess Club"]
[Date "2020.09.07"]
[Round "6"]
[White "tanishqchess"]
[Black "Jesserocks135"]
[Result "1-0"]
[ICCResult "Black checkmated"]
[WhiteElo "1425"]
[BlackElo "1261"]
[Opening "Sicilian: accelerated fianchetto, modern variation"]
[ECO "B34"]
[NIC "SI.33"]
[Time "15:32:58"]
[TimeControl "5400+10"]

1. e4 c5 2. Nf3 Nc6 3. d4 cxd4 4. Nxd4 g6 5. Nc3 Bg7 6. Nxc6 bxc6 7. Bd3 Nf6
8. Bg5 O-O 9. O-O Qc7 10. h3 d6 11. Qd2 Be6 12. Rfe1 Rfd8 13. Bxf6 Bxf6 14.
Rad1 Rab8 15. b3 Qa5 16. Nd5 Qxd2 17. Nxf6+ exf6 18. Rxd2 f5 19. exf5 Bxf5
20. Bxf5 gxf5 21. Re7 Ra8 22. Rc7 c5 23. Rc6 Rac8 24. Rcxd6 Rxd6 25. Rxd6 c4
26. b4 Kg7 27. Kf1 Rb8 28. a3 h5 29. Rc6 Rb6 30. Rxb6 axb6 31. a4 Kf6 32.
Ke2 Ke6 33. Ke3 Kd5 34. c3 f6 35. Kf4 Ke6 36. h4 Kd5 37. Kxf5 b5 38. a5 Kc6
39. Kxf6 Kb7 40. Kg6 Kc7 41. Kg5 Kd7 42. Kxh5 Kc7 43. g4 Kd7 44. g5 Ke7 45.
Kh6 Kf7 46. Kh7 Ke7 47. g6 Kd7 48. g7 Kc8 49. g8=Q+ Kb7 50. f4 Ka6 51. f5
Ka7 52. f6 Ka6 53. f7 Ka7 54. f8=Q Ka6 55. Qg6+ Kb7 56. Qff6 Ka7 57. Qgg7+
Ka8 58. Qff8# {Black checkmated} 1-0